 Dungeon Crawl Stone Soup version 0.21-a0-400-g417d9d2 (webtiles) character file.

168 zero the Skirmisher (level 5, -9/49 HPs)
             Began as a Gargoyle Berserker on Oct 20, 2017.
             Was a Believer of Trog.
             Killed from afar by a dream sheep (33 damage)
             ... with an exploding inner flame
             ... on level 3 of the Dungeon.
             The game lasted 00:01:49 (2095 turns).

zero the Skirmisher (Gargoyle Berserker)            Turns: 2095, Time: 00:01:50

Health: -9/49      AC:  9    Str: 26    XL:     5   Next: 48%
Magic:  5/5        EV: 10    Int:  8    God:    Trog [**....]
Gold:   69         SH:  2    Dex:  9    Spells: 4/4 levels left

rFire    . . .     SeeInvis .   b - +1 hand axe (flame)
rCold    . . .     Gourm    .   h - +0 buckler
rNeg     + . .     Faith    .   j - +0 ring mail
rPois    ∞         Spirit   .   (no helmet)
rElec    +         Reflect  .   (no cloak)
rCorr    .         Harm     .   (no gloves)
MR       .....                  (no boots)
Stlth    ..........             (no amulet)
HPRegen  0.16/turn              (no ring)
MPRegen  0.09/turn              (no ring)

@: berserking, very quick
A: negative energy resistance 1, electricity resistance, unbreathing,
petrification resistance, rot immunity, AC +4
a: Berserk, Trog's Hand, Burn Spellbooks, Renounce Religion


You were on level 3 of the Dungeon.
You worshipped Trog.
Trog was pleased with you.
You were very hungry.

You visited 1 branch of the dungeon, and saw 3 of its levels.

You collected 69 gold pieces.

Inventory:

Hand Weapons
 b - a +1 hand axe of flaming (weapon)
Armour
 h - a +0 buckler (worn)
 j - a +0 ring mail (worn)
Wands
 m - a wand of iceblast (6/15)
Scrolls
 i - 2 scrolls of identify {unknown}
 k - a scroll of teleportation {unknown}
Potions
 e - a potion of curing {unknown}
 f - a potion of resistance {unknown}
 l - a potion of brilliance {unknown}
 n - a potion of berserk rage {unknown}
 o - a potion of lignification {unknown}
Comestibles
 a - 7 chunks of flesh
 c - 2 bread rations
 d - 2 fruits
 g - a royal jelly


   Skills:
 + Level 4.3 Fighting
 * Level 4.3 Axes
 + Level 3.5 Armour
 - Level 1.5 Dodging


You had 4 spell levels left.
You didn't know any spells.

Dungeon Overview and Level Annotations

Branches:
Dungeon (3/15)

Altars:
Vehumet
Xom
Yredelemnul


Innate Abilities, Weirdness & Mutations

You are resistant to torment.
Your stone body is resilient. (AC +4)
You are immune to poison.
You resist negative energy. (rN+)
You are resistant to electric shocks. (rElec)
You can survive without breathing.
You are immune to petrification.
You are immune to rotting.


Message History

The dream sheep bleats in terror.
You hear mad divine giggling.
Found a shimmering altar of Xom.
The dream sheep burns! x5
There are monsters nearby!
You closely miss the dream sheep.
The dream sheep is moderately wounded.
The dream sheep bleats! x5
You hit the dream sheep. You burn the dream sheep.
Your attack snaps the dream sheep out of its fear.
The dream sheep burns! x10; The dream sheep bites you!
There are monsters nearby!
A red film seems to cover your vision as you go berserk!
You feel yourself moving faster!
You feel mighty!
You are feeling very hungry.
The dream sheep burns! x2
The dream sheep explodes!
The fiery explosion engulfs you!
Ouch! That really hurt!
You die...

...###### #....#
#)##.# #.##.# #.##.#
############# #
#.##.#
#...........#.#
#.##.#
#.............#
#.##.#
#...........###
#.##.# #....Y.§@§..#
#.##.####.....Y§§§..#
...............§§§..#
..##.####....Y......#
# #.# #.......Y...#
..# #...........#
#### #############


You could see 4 dream sheep.

Vanquished Creatures
  A centaur (D:2)
  2 adders (D:2)
  2 dart slugs (D:1)
  5 orcs
  A ball python (D:2)
  4 bats (D:1)
  5 hobgoblins
  4 jackals (D:2)
  11 kobolds
  A frilled lizard (D:2)
  10 goblins
  10 rats
  A spectral orc (D:2)
57 creatures vanquished.

Notes
Turn   | Place    | Note
-------+----------+-------------------------------------------
     0 | D:1      | zero the Gargoyle Berserker began the quest for the Orb.
     0 | D:1      | Reached XP level 1. HP: 14/14 MP: 1/1
    88 | D:1      | Reached XP level 2. HP: 4/19 MP: 2/2
  1016 | D:2      | Reached XP level 3. HP: 23/23 MP: 3/3
  1137 | D:2      | Noticed a centaur
  1144 | D:2      | Killed a centaur
  1144 | D:2      | Reached ** piety under Trog
  1144 | D:2      | Reached XP level 4. HP: 14/29 MP: 4/4
  1144 | D:2      | Reached XP level 5. HP: 16/33 MP: 5/5
  1436 | D:2      | Found a basalt altar of Yredelemnul.
  1580 | D:2      | Found a radiant altar of Vehumet.
  2092 | D:3      | Found a shimmering altar of Xom.
  2092 | D:3      | Noticed a dream sheep
  2092 | D:3      | Noticed a dream sheep
  2092 | D:3      | Noticed a dream sheep
  2092 | D:3      | Noticed a dream sheep
  2092 | D:3      | Noticed a dream sheep
  2095 | D:3      | Killed a dream sheep
  2095 | D:3      | Killed from afar by a dream sheep

Vault maps used:
D:1:      dpeg_arrival_tiny_i
D:2:      kennysheep_big_flooded_room, old_standard_altar,
          yredelemnul_forgotten_temple_becter, grunt_ministairs_1
D:3:      kb_xom_exploding_sheep, overflow_temple_1_default,
          okawaru_ov_weapons_minmay,
          nicolae_gozag_cash_rules_everything_around_me, first_bread

Skill      XL: |  1  2  3 |
---------------+----------+-----
Axes           | 3 4 |  4.3
Fighting       | 4 |  4.3
Armour         | 3 |  3.5
Dodging        | |  1.5

Action                   |  1- 3 |  4- 6 || total
-------------------------+-------+-------++-------
Melee: Hand axe          |    85 |    72 ||   157
Invok: Berserk           |     1 |     1 ||     2
 Stab: Sleeping          |     2 |       ||     2
  Eat: Chunk             |     1 |     2 ||     3
       Fruit             |       |     2 ||     2
Armor: Animal skin       |    32 |       ||    32
       Ring mail         |    20 |    37 ||    57
Dodge: Dodged            |    59 |    38 ||    97
Block: Buckler           |     2 |     9 ||    11

Table legend:
 A = Spawn XP
 B = Non-spawn XP
 C = Spawn XP percentage of total XP
 D = Spawn monster count
 E = Non-spawn monster count
 F = Spawn count percentage of total count
 G = Total turns spent on level
                    A         B        C        D         E        F      G
               +---------+---------+-------+---------+---------+-------+---------
         Total |       0 |     240 |   0.0 |       0 |      57 |   0.0 |  2095
               +---------+---------+-------+---------+---------+-------+---------
           D:1 |       0 |      33 |   0.0 |       0 |      18 |   0.0 |  1012
           D:2 |       0 |     191 |   0.0 |       0 |      33 |   0.0 |  1007
           D:3 |       0 |      16 |   0.0 |       0 |       6 |   0.0 |    76
               +---------+---------+-------+---------+---------+-------+---------
